 Dungeon Crawl Stone Soup version 0.25.1-2-g60ff931 (webtiles) character file.

Game seed: 2859569723882224853

5124 rann the Brawler (level 10, 0/77 HPs)
             Began as a Minotaur Fighter on Sept 19, 2020.
             Was a Priest of Okawaru.
             Shot with a sling bullet by Joseph (5 damage)
             ... on level 8 of the Dungeon.
             The game lasted 00:31:31 (6795 turns).

rann the Brawler (Minotaur Fighter)                 Turns: 6795, Time: 00:31:32

Health: 0/77       AC: 10    Str: 23    XL:     10   Next: 32%
Magic:  18/18      EV:  7    Int:  7    God:    Okawaru [***...]
Gold:   258        SH:  9    Dex: 11    Spells: 9/9 levels left

rFire    . . .     SeeInvis .     - Unarmed
rCold    + . .     Gourm    .   b - +0 kite shield
rNeg     + . .     Faith    .   a - +0 scale mail
rPois    .         Spirit   .   (helmet restricted)
rElec    .         Reflect  .   F - +0 cloak
rCorr    .         Harm     .   n - +0 pair of gloves
MR       .....                  C - +0 pair of boots
Stlth    ..........             i - amulet of regeneration
HPRegen  0.62/turn              h - ring of protection from cold
MPRegen  0.16/turn              t - ring of Lenosiy {*Slow rN+ MP+9 Int+2}

@: marked
A: retaliatory headbutt, horns 2
a: Heroism, Renounce Religion


You were on level 8 of the Dungeon.
You worshipped Okawaru.
Okawaru was most pleased with you.
You were not hungry.

You visited 2 branches of the dungeon, and saw 9 of its levels.

You collected 258 gold pieces.

Inventory:

Armour
 a - a +0 scale mail (worn)
 b - a +0 kite shield (worn)
 n - a +0 pair of gloves (worn)
 v - a +0 pair of boots
 A - a +0 ring mail
 C - a +0 pair of boots (worn)
 F - a +0 cloak (worn)
Jewellery
 h - a ring of protection from cold (left hand)
 i - an amulet of regeneration (around neck)
 r - an uncursed amulet of faith
 t - the ring of Lenosiy (right hand) {*Slow rN+ MP+9 Int+2}
   (You found it on level 4 of the Dungeon)

   [ring of magical power]

   It affects your intelligence (+2).
   It protects you from negative energy.
   It affects your magic capacity (+9).
   It may slow you when you take damage.
Wands
 y - a wand of iceblast (7)
 G - a wand of flame (13)
Scrolls
 e - 3 scrolls of enchant weapon {unknown}
 f - 8 scrolls of remove curse {unknown}
 j - 3 scrolls of fog {unknown}
 k - 3 scrolls of fear {unknown}
 l - 9 scrolls of identify {unknown}
 m - 2 scrolls of random uselessness {unknown}
 q - 2 scrolls of blinking {unknown}
 s - 4 scrolls of teleportation {unknown}
 u - a scroll of enchant armour {unknown}
 x - a scroll of summoning {unknown}
 B - 2 scrolls of amnesia {unknown}
 I - a scroll of immolation {unknown}
Potions
 c - a potion of might
 g - 2 potions of ambrosia {unknown}
 o - 4 potions of curing {unknown}
 p - 2 potions of mutation {unknown}
 w - a potion of haste
 z - 2 potions of degeneration {unknown}
 D - a potion of stabbing {unknown}
 H - a potion of flight {unknown}
Comestibles
 d - 15 rations
 E - 5 chunks of flesh


   Skills:
 - Level 3.6 Fighting
 - Level 3.6 Armour
 - Level 3.6 Shields
 + Level 15.8 Unarmed Combat


You had 9 spell levels left.
You didn't know any spells.
Your spell library contained the following spells:

 Spells                   Type           Power        Failure   Level  Hunger
 Freeze                   Ice            #...         99%         1    ##.....
 Confusing Touch          Hex            #.......     100%        3    ####...
 Frozen Ramparts          Ice            #.....       100%        3    ####...
 Gell's Gravitas          Tloc           #.........   100%        3    ####...
 Ozocubu's Armour         Chrm/Ice       #.......     100%        3    ####...
 Hailstorm                Conj/Ice       #.......     100%        4    #####..
 Petrify                  Tmut/Erth      #.......     100%        4    #####..
 Summon Ice Beast         Ice/Summ       #.......     100%        4    #####..
 Metabolic Englaciation   Hex/Ice        #.........   100%        5    ######.
 Yara's Violent Unravell  Hex/Tmut       #.........   100%        5    ######.
 Haunt                    Necr/Summ      #.........   100%        7    #######
 Borgnjor's Revivificati  Necr           #.........   100%        8    #######
 Death's Door             Chrm/Necr      #.........   100%        8    #######
 Infestation              Necr           #.........   100%        8    #######
 Necromutation            Tmut/Necr      #.........   100%        8    #######


Dungeon Overview and Level Annotations

Branches:
Dungeon (8/15)             Temple (1/1) D:5
   Lair: D:8-11

Altars:
Ashenzari
Cheibriados
Dithmenos
Elyvilon
Fedhas
Gozag
Hepliaklqana
Kikubaaqudgha
Makhleb
Nemelex Xobeh
Okawaru
Qazlal
Ru
Sif Muna
Trog
Uskayaw
Vehumet
Wu Jian
Xom
Yredelemnul
Zin
The Shining One

Annotations:
D:8 Joseph


Innate Abilities, Weirdness & Mutations

You reflexively headbutt those who attack you in melee.
You have a pair of horns on your head.


Message History

* * * LOW HITPOINT WARNING * * *
You block the black bear's attack. x2
The black bear barely misses you. You furiously retaliate!
You headbutt the black bear, but do no damage.
The black bear claws you.
* * * LOW HITPOINT WARNING * * *
The black bear claws you.
* * * LOW HITPOINT WARNING * * *
The wolf bites you but does no damage.
The black bear bites the plant but does no damage.
The black bear claws the plant but does no damage.
The black bear claws the plant.
You block the wolf's attack. x2
You block the bullfrog's attack. The bullfrog hits you.
* * * LOW HITPOINT WARNING * * *
Joseph, a Mercenary comes into view.
He is wielding a +0 quarterstaff.
Joseph unwields a +0 quarterstaff.
Joseph wields a +0 hunting sling.
Joseph shoots a sling bullet.
The sling bullet hits you.
You die...

..P♣.P....##........#####
....P....P##..........<.#
......P†$S....>.....###.###
....P.†..hr##..######
#...### ..P..♣P.##t###.##
##..... .......###.##...#
#..... P.PP..#
#.h(..#..#### #..... ###..
#..#.F###....#########
#S###.###@######.......#
..@.........÷...†......##
O.##...###..######.......#
#..# ##.......####.#.## #.#
##......# ##..... ..
#......# #..#.#.
#......###......
#...........#.#. ..
#......####.....


You could see Joseph, a crocodile, a black bear, a wolf, a bullfrog, a porcupine
and an adder.

Vanquished Creatures
  Pikel (D:5)
  The ghost of ew1980 the Shield-Bearer, a novice GnFi (D:4)
  Maggie (D:8)
  A hippogriff (D:7)
  Sigmund (D:5)
  4 hogs (D:7)
  A human (D:7)
  A basilisk (D:8)
  Menkaure (D:7)
  A porcupine (D:8)
  An orc warrior (D:7)
  A phantom (D:7)
  A sky beast (D:6)
  3 black bears
  4 ogres
  2 slaves (D:5)
  A crocodile (D:8)
  5 centaurs
  A wolf (D:8)
  A bullfrog (D:6)
  4 scorpions
  3 howler monkeys
  2 crimson imps
  A centaur zombie (D:5)
  2 hounds
  4 orc priests (D:7)
  3 orc wizards
  An iguana (D:4)
  8 worker ants
  A hound zombie (D:5)
  A hound skeleton (D:4)
  2 worker ant zombies
  11 gnolls
  2 howler monkey skeletons
  9 adders
  An adder skeleton (D:4)
  An adder zombie (D:7)
  A worm (D:5)
  A dart slug (D:1)
  6 leopard geckos
  24 orcs
  9 bats
  5 giant cockroaches
  7 goblins
  10 hobgoblins
  7 jackals
  8 kobolds
  A quokka (D:2)
  8 frilled lizards
  A jackal skeleton (D:7)
  A leopard gecko skeleton (D:4)
  4 rats
182 creatures vanquished.

Vanquished Creatures (others)
  An orc (D:5)
  A frilled lizard (D:5)
  3 fungi (D:8)
  2 plants (D:8)
7 creatures vanquished.

Grand Total: 189 creatures vanquished

Notes
Turn   | Place    | Note
-------+----------+-------------------------------------------
     0 | D:1      | rann the Minotaur Fighter began the quest for the Orb.
     0 | D:1      | Reached XP level 1. HP: 19/19 MP: 0/0
   233 | D:1      | Reached skill level 3 in Unarmed Combat
   240 | D:1      | Reached XP level 2. HP: 26/26 MP: 1/1
   784 | D:1      | Reached XP level 3. HP: 29/31 MP: 2/2
  1056 | D:2      | Reached skill level 4 in Unarmed Combat
  1769 | D:3      | Reached XP level 4. HP: 39/39 MP: 3/3
  2112 | D:3      | Noticed a centaur
  2119 | D:3      | Killed a centaur
  2119 | D:3      | Reached skill level 6 in Unarmed Combat
  2119 | D:3      | Reached XP level 5. HP: 36/45 MP: 4/4
  2767 | D:4      | Noticed an ogre
  2773 | D:4      | Killed an ogre
  2773 | D:4      | Reached skill level 7 in Unarmed Combat
  2773 | D:4      | Reached XP level 6. HP: 51/51 MP: 5/5
  2933 | D:4      | Got a glittering pewter ring
  3203 | D:4      | Reached skill level 8 in Unarmed Combat
  3286 | D:4      | Reached XP level 7. HP: 57/57 MP: 6/6
  3483 | D:4      | Found a runed translucent door.
  3492 | D:4      | Noticed ew1980's ghost (novice GnFi)
  3759 | D:4      | Killed ew1980's ghost
  3759 | D:4      | Reached skill level 9 in Unarmed Combat
  3840 | D:5      | Entered Level 5 of the Dungeon
  3841 | D:5      | Noticed Pikel
  3845 | D:5      | Reached skill level 10 in Unarmed Combat
  3890 | D:5      | Found a staircase to the Ecumenical Temple.
  3919 | D:5      | Reached XP level 8. HP: 48/64 MP: 7/7
  3948 | Temple   | Entered the Ecumenical Temple
  4052 | Temple   | Became a worshipper of Warmaster Okawaru
  4302 | D:5      | Killed Pikel
  4302 | D:5      | Reached skill level 11 in Unarmed Combat
  4355 | D:5      | Noticed Sigmund
  4367 | D:5      | Killed Sigmund
  4367 | D:5      | Reached skill level 12 in Unarmed Combat
  4405 | D:5      | Reached * piety under Okawaru
  4505 | D:5      | Found a burning altar of Makhleb.
  4636 | D:5      | Reached XP level 9. HP: 70/70 MP: 8/8
  4951 | D:6      | Reached skill level 13 in Unarmed Combat
  5592 | D:6      | Identified the ring of Lenosiy {*Slow rN+ MP+9 Int+2} (You
                  | found it on level 4 of the Dungeon)
  5789 | D:7      | Noticed Menkaure
  5798 | D:7      | Reached skill level 14 in Unarmed Combat
  5802 | D:7      | Killed Menkaure
  5802 | D:7      | Reached ** piety under Okawaru
  6134 | D:7      | Reached skill level 15 in Unarmed Combat
  6137 | D:7      | Reached *** piety under Okawaru
  6137 | D:7      | Reached XP level 10. HP: 48/77 MP: 9/9
  6561 | D:8      | Noticed Maggie
  6568 | D:8      | Killed Maggie
  6795 | D:8      | Noticed Joseph
  6795 | D:8      | Shot with a sling bullet by Joseph

Illustrated notes

Levels and vault maps discovered:
D:1:      shiori_shiawase, layout_loops_cross, serial_rivers,
          chequers_serial_rivers_small_3, chequers_serial_rivers_large_a,
          chequers_serial_rivers_small_b, chequers_serial_rivers_room_b,
          chequers_serial_rivers_small_3, chequers_serial_rivers_micro_b
D:2:      layout_rooms, chequers_serial_rivers_room_b
D:3:      layout_basic
D:4:      layout_loops_ring, ebering_ghost_reflecting_pool, first_ration
D:5:      layout_cave_pools, lemuel_doored_altar, minmay_temple_entry_offerings,
          nicolae_ossuary_entry_ruins, serial_bayou_pond_a,
          minmay_joined_circles, uniq_pikel, uniq_sigmund
D:6:      layout_layer_cave
D:7:      layout_basic, grunt_livestock, uniq_menkaure
D:8:      layout_rooms, minmay_lair_entry_grove, hangedman_decor_riveting,
          nicolae_tso_carved_into_rock, uniq_joseph, uniq_maggie
Temple:   roderic_octagonal_lattice_temple

Skill      XL: |  1  2  3  4  5  6  7  8  9 |
---------------+----------------------------+-----
Unarmed Combat | 3 4 6 7 8 10 12 15 | 15.8
Fighting       | |  3.6
Armour         | |  3.6
Shields        | |  3.6

Action                   |  1- 3 |  4- 6 |  7- 9 | 10-12 || total
-------------------------+-------+-------+-------+-------++-------
Melee: Unarmed           |   108 |   121 |   300 |    61 ||   590
       Headbutt          |    16 |    28 |    61 |    10 ||   115
  Eat: Chunk             |     3 |     5 |     9 |     2 ||    19
Armor: Scale mail        |    33 |    60 |    92 |    47 ||   232
Dodge: Dodged            |    22 |    31 |    63 |    25 ||   141
Block: Kite shield       |    55 |    66 |   123 |    32 ||   276
